 Dungeon Crawl Stone Soup version 0.30-a0-672-gc3a7216ad8 (webtiles) character file.

Game seed: 17929340252645489849

3248 Crownlay the Arsonist (level 9, -10/58 HPs)
             Began as a Demonspawn Fire Elementalist on Jan 18, 2023.
             Was an Initiate of Gozag.
             Mangled by Psyche
             ... wielding a +0 dagger of distortion
              (17 damage)
             ... on level 8 of the Dungeon.
             The game lasted 00:20:33 (9114 turns).

Crownlay the Arsonist (DsFE)                        Turns: 9114, Time: 00:20:34

Health: -10/58     AC: 10    Str:  8    XL:     9   Next: 67%
Magic:  16/16      EV:  7    Int: 22    God:    Gozag
Gold:   968        SH:  0    Dex: 19    Spells: 11/17 levels left

rFire   + + .      SeeInvis .    v - +2 trident (vamp)
rCold   x . .      Faith    .    (no shield)
rNeg    . . .      Spirit   .    A - +0 fire dragon scales
rPois   .          Reflect  .    (no helmet)
rElec   .          Harm     .    (no cloak)
rCorr   .          Rampage  .    m - +0 pair of gloves
Will    .....                    (no boots)
Stlth   +                        (no amulet)
HPRegen 0.29/turn                r - +6 ring of dexterity
MPRegen 0.15/turn                (no ring)

@: very slightly contaminated
A: hooves 2, rugged brown scales 1, powered by death 2, powered by pain 1
a: Renounce Religion, Potion Petition, Call Merchant, Bribe Branch


You were on level 8 of the Dungeon.
You worshipped Gozag.
Gozag was pleased with you.
You visited 1 branch of the dungeon, and saw 8 of its levels.

You collected 1003 gold pieces.
You paid 35 gold pieces to Gozag.

Inventory:

Hand Weapons
 v - a +2 vampiric trident (weapon)
Missiles
 q - 3 silver boomerangs
 w - 6 throwing nets
Armour
 c - a +0 tower shield
 m - a +0 pair of gloves (worn)
 z - a +2 robe of willpower
 A - +0 fire dragon scales (worn)
Jewellery
 r - a +6 ring of dexterity (left hand)
Wands
 B - a wand of polymorph (5)
Scrolls
 e - 2 scrolls of identify
 g - a scroll of summoning
 h - a scroll of enchant armour
 l - a scroll of brand weapon
 n - a scroll of enchant weapon {unknown}
 o - a scroll of vulnerability
 x - 2 scrolls of teleportation
 y - a scroll of amnesia {unknown}
 C - a scroll of poison {unknown}
Potions
 a - 2 potions of curing
 b - a potion of magic
 d - a potion of lignification {unknown}
 f - 4 potions of heal wounds
 i - a potion of haste {unknown}
 j - a potion of flight {unknown}
 k - a potion of attraction {unknown}
 p - a potion of berserk rage
 s - 3 potions of brilliance
 t - a potion of mutation {unknown}
 u - a potion of degeneration {unknown}


   Skills:
 - Level 1.7 Dodging
 - Level 1.7 Stealth
 + Level 4.7 Spellcasting
 * Level 3.2 Conjurations
 * Level 6.7 Hexes
 - Level 10.0 Fire Magic


You had 11 spell levels left.
You knew the following spells:

 Your Spells              Type           Power      Damage    Failure   Level
a - Foxfire               Conj/Fire      100%       2x1d9     12%         1
b - Scorch                Fire           98%        2d9       4%          2
c - Inner Flame           Hex/Fire       41%        N/A       17%         3

Your spell library contained the following spells:

 Spells                   Type           Power      Damage    Failure   Level
 Ensorcelled Hibernation  Hex/Ice        38%        N/A       56%         2
 Flame Wave               Conj/Fire      34%        2d10      75%         4
 Kindle Blastsparks       Fire/Tloc/Air  38%        2d13      80%         3
 Necrotise                Necr           20%        1d5       87%         1
 Spider Form              Tmut/Pois      5%         N/A       99%         3
 Vampiric Draining        Necr           5%         2d6       99%         3
 Anguish                  Hex/Necr       9%         N/A       99%         4
 Agony                    Necr           5%         N/A       100%        5
 Iskenderun's Battlesphe  Conj           19%        2d7       100%        5
 Iron Shot                Conj/Erth      6%         9d2       100%        6
 Spellforged Servitor     Conj/Summ      6%         N/A       100%        7


Dungeon Overview and Level Annotations

Branches:
Dungeon (8/15)             Temple (0/1) D:7
   Lair: D:8-11

Altars:
Gozag
Wu Jian

Shops:
D:1 :

Annotations:
D:8 Psyche


Innate Abilities, Weirdness & Mutations

You have hoof-like feet.
You are partially covered in rugged brown scales. (AC +1, +3% HP)
You regenerate health from kills.
You sometimes gain a little power by taking damage.


Message History

Confirm with . or Enter, or press ? or * to list all spells.
You miscast Scorch.
You are very lightly contaminated with residual magic.
Nothing appears to happen.
The foxfire hits something.
Casting: Scorch (safe; 4% risk of failure)
Confirm with . or Enter, or press ? or * to list all spells.
Aiming: Inner Flame (dangerous; 17% risk of failure)
Press: ? - help, Dir - move target You can't see anything there.
Okay, then.
Unknown command.
Casting: Inner Flame (dangerous; 17% risk of failure)
Confirm with . or Enter, or press ? or * to list all spells.
You conjure some foxfire!
You hear some strange, mumbled words.
A swirling arc of seething chaos appears!
An arc of chaos appears from out of thin air!
The arc of chaos hits you but does no damage.
Something hits you. Space warps around you.
You hit something.
You feel better.
You kick something.
The foxfire hits something but does no damage.
The foxfire hits something. x2; Something hits you but does no damage.
You hit something.
You feel better.
You kick something.
You hear some strange, mumbled words.
Something hits you. Space warps horribly around you!
You focus on the pain.
You feel your power returning.
Casting: Foxfire (safe; 12% risk of failure)
Confirm with . or Enter, or press ? or * to list all spells.
You conjure some foxfire!
Something hits you. Space warps around you.
Casting: Foxfire (safe; 12% risk of failure)
Confirm with . or Enter, or press ? or * to list all spells.
You miscast Foxfire.
Nothing appears to happen.
The foxfire hits something but does no damage. x2
Something hits you but does no damage. Space warps horribly around you!
* * * LOW HITPOINT WARNING * * *
You focus on the pain.
You feel your power returning. Something hits you.
* * * LOW HITPOINT WARNING * * *
Space warps horribly around you!
You die...
Your body crumbles into a pile of gold.

###
#<######################
#.#.....................
#.###.##################
#.# #.#.##<#############
#.# #.#.#...............
##.###.#@{..############# #
#...##.#.#.## $ #.
#...##.#.#.#
#.####...##.#.#.#
####..))...###...#.# $ $
......)))).........########
$
###########...............#
#.######>######## # $$ #.#
#.# #


There were no monsters in sight!

Vanquished Creatures
  Pikel (D:6)
  A hornet (D:8)
  A wyvern (D:7)
  2 water moccasins
  An ice beast (D:6)
  A black bear (D:6)
  An ogre (D:6)
  2 centaurs
  A lemure (D:6)
  2 phantoms
  Blork the orc (D:6)
  4 bullfrogs
  A necrophage (D:7)
  A gnoll sergeant (D:8)
  4 scorpions
  A crimson imp (D:5)
  3 orc priests
  A gnoll bouda (D:7)
  4 hounds
  2 jellies
  9 orc wizards
  16 gnolls
  7 adders
  A shadow imp (D:6)
  A white imp (D:5)
  An ufetubus (D:5)
  3 worms
  A dart slug (D:1)
  30 orcs
  7 ball pythons
  5 endoplasms
  2 giant cockroaches
  9 goblins
  3 hobgoblins
  6 jackals
  5 kobolds
  3 quokkas
  3 bats
  2 frilled lizards
  4 rats
153 creatures vanquished.

Vanquished Creatures (collateral kills)
  A black bear (D:4)
  An orc (D:4)
  A giant cockroach (D:4)
  A goblin (D:4)
  3 foxfires (D:3)
7 creatures vanquished.

Vanquished Creatures (others)
  497 foxfires
497 creatures vanquished.

Grand Total: 657 creatures vanquished

Notes
Turn   | Place    | Note
-------+----------+-------------------------------------------
     0 | D:1      | Crownlay the Demonspawn Fire Elementalist began the quest
                  | for the Orb.
     0 | D:1      | Reached XP level 1. HP: 13/13 MP: 3/3
   181 | D:1      | Reached skill level 3 in Fire Magic
   334 | D:1      | Gained mutation: You have large cloven feet. [demonic
                  | ancestry]
   334 | D:1      | Reached XP level 2. HP: 13/19 MP: 0/5
   506 | D:1      | Learned a level 2 spell: Scorch
   779 | D:1      | Found a faded altar of an unknown god.
  1033 | D:1      | Found Hiapsit's Vocational Training.
  1557 | D:1      | Gained mutation: You sometimes gain a little power by
                  | taking damage. [demonic ancestry]
  1557 | D:1      | Reached XP level 3. HP: 10/24 MP: 2/6
  2170 | D:2      | Reached skill level 4 in Fire Magic
  2894 | D:3      | Reached XP level 4. HP: 30/30 MP: 0/7
  3281 | D:3      | Reached skill level 5 in Fire Magic
  3322 | D:3      | Found an opulent altar of Gozag.
  3519 | D:3      | Reached XP level 5. HP: 35/35 MP: 0/8
  4209 | D:3      | Became a worshipper of Gozag Ym Sagoz the Greedy
  4344 | D:4      | Reached skill level 6 in Fire Magic
  4352 | D:4      | Gained mutation: You have hoof-like feet. [demonic
                  | ancestry]
  4352 | D:4      | Reached XP level 6. HP: 37/41 MP: 1/9
  4819 | D:4      | Reached skill level 7 in Fire Magic
  5129 | D:4      | Learned a level 3 spell: Inner Flame
  5140 | D:5      | Entered Level 5 of the Dungeon
  5183 | D:5      | Gained mutation: You are partially covered in rugged brown
                  | scales. (AC +1, +3% HP) [demonic ancestry]
  5183 | D:5      | Reached XP level 7. HP: 18/47 MP: 1/10
  6006 | D:5      | Reached skill level 8 in Fire Magic
  6511 | D:6      | Reached skill level 9 in Fire Magic
  6511 | D:6      | Gained mutation: You regenerate a little health from kills.
                  | [demonic ancestry]
  6511 | D:6      | Reached XP level 8. HP: 53/53 MP: 4/11
  7063 | D:6      | Noticed Blork the orc
  7065 | D:6      | Killed Blork the orc
  7066 | D:6      | Reached skill level 10 in Fire Magic
  7073 | D:6      | Reached skill level 1 in Hexes
  7343 | D:6      | Noticed Pikel
  7374 | D:6      | Killed Pikel
  7375 | D:6      | Gained mutation: You regenerate health from kills. [demonic
                  | ancestry]
  7375 | D:6      | Reached XP level 9. HP: 15/58 MP: 3/14
  7871 | D:7      | Reached skill level 5 in Hexes
  8533 | D:7      | Found an ornate altar of the Wu Jian Council.
  8649 | D:7      | Found a staircase to the Ecumenical Temple.
  8998 | D:8      | Noticed Psyche
  9114 | D:8      | Mangled by Psyche

Illustrated notes

Levels and vault maps discovered:
D:1:      dpeg_arrival_arbitrary_b, layout_basic,
          hellmonk_ecumenical_altar_arch_garden, nicolae_shop_vocational
D:2:      layout_loops_ring, hangedman_decor_points
D:3:      layout_loops_ring, overflow_temple_1_default,
          mainiacjoe_overflow_big_doors, serial_park_tiny_1,
          cheibrodos_gnoll_hut
D:4:      layout_gridville
D:5:      layout_basic, minmay_fire_ice_demons
D:6:      layout_loops_ring, uniq_blork_the_orc, uniq_pikel
D:7:      layout_basic, nicolae_wu_jian_immortal_techniques,
          minmay_temple_entry_drinking_statues, minmay_misc_feat_room
D:8:      lemuel_ice_statue, layout_basic, nicolae_ru_awakened_eye, special_room
          [special_room_orc], uniq_psyche

Skill      XL: |  1  2  3  4  5  6  7  8  9 |
---------------+----------------------------+-----
Fire Magic     | 3 4 5 6 7 9 10 | 10.0
Hexes          | 4 6 |  6.7
Spellcasting   | 3 4 |  4.7
Conjurations   | 3 |  3.2
Dodging        | |  1.7
Stealth        | |  1.7

Action                   |  1- 3 |  4- 6 |  7- 9 || total
-------------------------+-------+-------+-------++-------
Melee: Dagger            |    45 |    19 |       ||    64
       Kick              |    12 |    10 |    25 ||    47
       Hand axe          |       |    20 |     8 ||    28
       Punch             |       |     2 |       ||     2
       Trident           |       |       |   117 ||   117
Throw: Boomerang         |       |       |     2 ||     2
 Cast: Foxfire           |   105 |   108 |    97 ||   310
       Scorch            |       |     2 |    33 ||    35
       Inner Flame       |       |       |    13 ||    13
  Use: Potion            |       |     4 |       ||     4
       Scroll            |       |     2 |     6 ||     8
 Stab: Sleeping          |     1 |     1 |     1 ||     3
Armor: Robe              |     6 |    14 |    12 ||    32
       Fire dragon scale |       |       |    36 ||    36
Dodge: Dodged            |    47 |    62 |    52 ||   161

Table legend: (Time is in decaauts)
 A = Elapsed time spent in this place.
 B = Non-inter-level travel time spent in this place.
 C = Inter-level travel time spent in this place.
 D = Time resting spent in this place.
 E = Time spent auto-exploring this place.
 F = Levels seen in this place.
 G = Mean time per level.
                   A        B        C        D        E       F      G
               +--------+--------+--------+--------+--------+-----+--------+
         Total |   9160 |   8738 |    422 |      0 |   7454 |   8 | 1145.0 |
       Dungeon |   9160 |   8738 |    422 |      0 |   7454 |   8 | 1145.0 |
               +--------+--------+--------+--------+--------+-----+--------+

Top non-repeatable levels by time:
     D:1: 1732 daAuts
     D:3: 1583 daAuts
     D:6: 1449 daAuts
     D:5: 1195 daAuts
     D:7: 1017 daAuts
     D:2: 943 daAuts
     D:4: 886 daAuts
     D:8: 353 daAuts
